 Dungeon Crawl Stone Soup version 0.28-a0-863-g8cecda6153 (webtiles) character file.

Game seed: 11165429231786912195

6412 jasper the Grappler (level 10, -6/74 HPs)
             Began as a Demonspawn Cinder Acolyte on Nov 18, 2021.
             Was an Initiate of Ignis.
             Mangled by an orc warrior (9 damage)
             ... on level 10 of the Dungeon.
             The game lasted 00:15:03 (13821 turns).

jasper the Grappler (Demonspawn Cinder Acolyte)    Turns: 13821, Time: 00:15:04

Health: -6/74      AC: 12    Str: 14    XL:     10   Next: 66%
Magic:  6/11       EV: 16    Int: 19    God:    Ignis [......]
Gold:   1405       SH:  0    Dex: 13    Spells: 4/11 levels left

rFire   + . .      SeeInvis .     - Unarmed
rCold   . . .      Faith    .   (no shield)
rNeg    . . .      Spirit   .   A - +5 ring mail of the Sky {rElec Dex+4}
rPois   .          Reflect  .   p - +0 helmet
rElec   +          Harm     .   (no cloak)
rCorr   .          Rampage  .   (no gloves)
Will    .....                   j - +0 pair of boots
Stlth   +.........              v - amulet of magic regeneration
HPRegen 0.22/turn               i - ring of wizardry
MPRegen 0.49/turn               f - +4 ring of evasion

@: slowed, very slow
A: foul stench 2, magic regeneration, demonic touch 2
a: Renounce Religion, Rising Flame


You were on level 10 of the Dungeon.
You worshipped Ignis.
Ignis was noncommittal.
You visited 1 branch of the dungeon, and saw 10 of its levels.

You collected 1405 gold pieces.

Inventory:

Hand Weapons
 a - a +2 hand axe of flaming
 c - a +0 hand axe
 q - a +1 falchion of protection
Missiles
 r - 5 boomerangs (quivered)
 u - 17 poisoned darts
 x - 29 stones
 y - a throwing net
Armour
 b - a +0 robe
 j - a +0 pair of boots (worn)
 m - a +0 chain mail
 n - a +0 scale mail
 p - a +0 helmet (worn)
 w - a +2 leather armour of fire resistance
 A - the +5 ring mail of the Sky (worn) {rElec Dex+4}
   (You found it on level 9 of the Dungeon)

   Dex:       It affects your dexterity (+4).
   rElec:     It insulates you from electricity.
Magical Staves
 t - a staff of death
Jewellery
 f - a +4 ring of evasion (right hand)
 i - a ring of wizardry (left hand)
 v - an amulet of magic regeneration (around neck)
 C - a +4 ring of evasion
Wands
 g - a wand of flame (17)
 z - a wand of polymorph (10)
 B - a wand of digging (8)
Scrolls
 k - 3 scrolls of magic mapping
 l - a scroll of amnesia
 s - 3 scrolls of identify
Potions
 d - 2 potions of magic
 e - a potion of attraction
 h - a potion of lignification
 o - a potion of curing


   Skills:
 + Level 5.4 Fighting
 - Level 2.9 Axes
 + Level 3.0 Armour
 + Level 4.1 Dodging
 - Level 12.3 Unarmed Combat
 - Level 1.0 Spellcasting
 * Level 3.4 Necromancy
 - Level 2.6 Fire Magic
 * Level 2.8 Ice Magic


You had 4 spell levels left.
You knew the following spells:

 Your Spells              Type           Power      Damage    Failure   Level
a - Vampiric Draining     Necr           14%        2d7       11%         3
b - Animate Skeleton      Necr           28%        N/A       3%          1
c - Ozocubu's Armour      Ice            11%        N/A       14%         3

Your spell library contained the following spells:

 Spells                   Type           Power      Damage    Failure   Level
 Scorch                   Fire           22%        2d6       8%          2
 Shock                    Conj/Air       0%         1d3       16%         1
 Slow                     Hex            0%         N/A       16%         1
 Summon Small Mammal      Summ           0%         N/A       16%         1
 Inner Flame              Hex/Fire       6%         N/A       26%         3
 Call Canine Familiar     Summ           0%         N/A       38%         3
 Confusing Touch          Hex            0%         N/A       38%         3
 Summon Guardian Golem    Hex/Summ       0%         N/A       38%         3
 Cause Fear               Hex            0%         N/A       78%         4
 Ozocubu's Refrigeration  Ice            5%         4d6       100%        7
 Discord                  Hex            0%         N/A       100%        8


Dungeon Overview and Level Annotations

Branches:
Dungeon (10/15)            Temple (0/1) D:5
   Lair: D:8-11         Orc: D:9-12

Altars:
Elyvilon
Fedhas
Gozag
Hepliaklqana
Makhleb
Okawaru
Ru
Sif Muna
Trog
Xom
Beogh

Annotations:
D:7 3 runed translucent doors, TheGamechu's ghost, novice TrFi


Innate Abilities, Weirdness & Mutations

You sometimes emit foul miasma when damaged in melee.
You regenerate magic rapidly.
Your touch may inflict irresistible damage on your foes.


Message History

Press: ? - help, Shift-Dir - straight line, f/p - hornet
Aim: a hornet (severely wounded)
You draw life force from the hornet.
You feel life coursing into your body. The hornet barely misses you.
The orc misses you. The hornet stings you!
You suddenly lose the ability to move!
The orc hits you with a +0 mace.
The orc warrior hits you from afar with a +0 halberd!
The orc hits you but does no damage.
You can move again.
You take 17 damage, and have 36/74 hp.
MASSIVE DAMAGE!!
You now have 6/11 mp.
You feel yourself speed up. The hornet misses you.
The hornet completely misses you.
You see here a +0 shortbow.
The hornet barely misses you.
You barely miss the hornet.
The hornet is almost dead.
The hornet stings you but does no damage.
The orc warrior hits you from afar with a +0 halberd.
You take 6 damage, and have 31/74 hp.
You closely miss the hornet.
The hornet is almost dead.
The hornet stings you!
* * * LOW HITPOINT WARNING * * *
You feel yourself slow down.
You emit a cloud of foul miasma!
The orc curses to no one in particular.
You take 11 damage, and have 20/74 hp.
Casting: Vampiric Draining (dangerous; 11% risk of failure)
Confirm with . or Enter, or press ? or * to list all spells.
Aiming: Vampiric Draining (dangerous; 11% risk of failure)
Press: ? - help, Shift-Dir - straight line, f/p - hornet
Aim: a hornet (foul pestilence, almost dead)
You draw life force from the hornet!
You kill the hornet!
You feel life coursing into your body.
The orc warrior hits you from afar with a +0 halberd!
* * * LOW HITPOINT WARNING * * *
The orc priest calls down the wrath of Beogh upon something.
Beogh smites you!
* * * LOW HITPOINT WARNING * * *
The orc warrior hits you with a +0 war axe!
You die...

#..........#
#........##
#..........#
#........#
#..........#
#........#
##.........#
#.......##
#.........#
##.....##
#........##
#######
##......##
######.## #
#@.# ##..
#§o####.....
##ooo.......
#o.........
#..o.######
.......#
.......#o8
.......o.oo
.........8..


You could see 3 orc warriors, 3 orc priests and 4 orcs.

Vanquished Creatures
  4 centaur zombies
  Joseph (D:7)
  Psyche (D:10)
  A hornet (D:10)
  Prince Ribbit (D:6)
  Sigmund (D:6)
  2 wyverns (D:9)
  A vampire (D:9)
  2 steam dragons
  A water moccasin (D:7)
  An acid dragon (D:10)
  Duvessa (D:6)
  5 orc warriors
  3 ice beasts
  2 black bears
  A hornet zombie (D:7)
  A necrophage (D:6)
  An ogre (D:7)
  A phantom (D:6)
  3 centaurs
  Blork the orc (D:6)
  2 bullfrogs
  3 scorpions
  A water moccasin skeleton (D:4)
  Dowan (D:6)
  6 killer bees
  3 howler monkeys
  13 wights
  3 hounds
  2 orc priests
  2 bullfrog skeletons
  2 jellies (D:6)
  Jessica (D:3)
  10 orc wizards
  5 iguanas
  2 hound zombies (D:5)
  2 howler monkey zombies
  9 adders
  2 ufetubi
  An adder skeleton (D:5)
  2 worms (D:2)
  4 dart slugs
  29 orcs
  9 bats
  2 endoplasms
  7 giant cockroaches
  4 goblins
  5 hobgoblins
  4 jackals
  4 kobolds
  5 quokkas
  5 ball pythons
  2 frilled lizards
  5 rats
192 creatures vanquished.

Vanquished Creatures (others)
  An orc (D:8)
  85 foxfires
  6 plants (D:7)
92 creatures vanquished.

Grand Total: 284 creatures vanquished

Notes
Turn   | Place    | Note
-------+----------+-------------------------------------------
     0 | D:1      | jasper the Demonspawn Cinder Acolyte began the quest for
                  | the Orb.
     0 | D:1      | Reached XP level 1. HP: 18/18 MP: 2/2
   782 | D:1      | Gained mutation: Your touch may inflict minor irresistible
                  | damage on your foes. [demonic ancestry]
   782 | D:1      | Reached XP level 2. HP: 24/24 MP: 3/3
  1421 | D:2      | Reached skill level 1 in Unarmed Combat
  1421 | D:2      | Reached XP level 3. HP: 12/29 MP: 4/4
  1732 | D:2      | Reached skill level 1 in Dodging
  1736 | D:2      | Reached skill level 1 in Armour
  1805 | D:2      | Found a faded altar of an unknown god.
  1912 | D:2      | HP: 1/29 [poisoned by an adder]
  1913 | D:2      | Gained mutation: Your touch may inflict irresistible damage
                  | on your foes. [demonic ancestry]
  1913 | D:2      | Reached XP level 4. HP: 2/35 MP: 5/5
  2437 | D:2      | Learned a level 3 spell: Vampiric Draining
  2567 | D:3      | Noticed Jessica
  2585 | D:3      | Killed Jessica
  2866 | D:3      | Noticed a scorpion
  2876 | D:3      | Killed a scorpion
  2877 | D:3      | Reached skill level 2 in Unarmed Combat
  2877 | D:3      | Reached XP level 5. HP: 42/42 MP: 6/6
  3207 | D:3      | Found an opulent altar of Gozag.
  3915 | D:4      | Found a blossoming altar of Fedhas.
  3937 | D:4      | Found an iron altar of Okawaru.
  4063 | D:4      | Reached skill level 3 in Unarmed Combat
  4063 | D:4      | Reached XP level 6. HP: 9/48 MP: 7/7
  4332 | D:4      | Reached skill level 4 in Unarmed Combat
  4846 | D:5      | Entered Level 5 of the Dungeon
  4907 | D:5      | Got Witchery 101
  5004 | D:5      | Reached skill level 5 in Unarmed Combat
  5004 | D:5      | Gained mutation: You may rarely emit foul miasma when
                  | damaged in melee. [demonic ancestry]
  5004 | D:5      | Reached XP level 7. HP: 29/53 MP: 8/8
  5182 | D:5      | Found a sacrificial altar of Ru.
  5187 | D:5      | Found a shimmering blue altar of Sif Muna.
  5187 | D:5      | Found a shimmering altar of Xom.
  5188 | D:5      | Found a burning altar of Makhleb.
  5434 | D:5      | Reached skill level 6 in Unarmed Combat
  6089 | D:5      | Found a staircase to the Ecumenical Temple.
  6387 | D:6      | Reached skill level 7 in Unarmed Combat
  6392 | D:6      | Gained mutation: You regenerate magic rapidly. [demonic
                  | ancestry]
  6392 | D:6      | Reached XP level 8. HP: 43/60 MP: 9/9
  6518 | D:6      | Reached skill level 8 in Unarmed Combat
  6586 | D:6      | Reached skill level 9 in Unarmed Combat
  6743 | D:6      | Noticed Blork the orc
  6752 | D:6      | Killed Blork the orc
  6784 | D:6      | Noticed Prince Ribbit
  6809 | D:6      | Killed Prince Ribbit
  7019 | D:6      | Noticed Duvessa
  7028 | D:6      | Killed Duvessa
  7029 | D:6      | Gained mutation: You sometimes emit foul miasma when
                  | damaged in melee. [demonic ancestry]
  7029 | D:6      | Reached XP level 9. HP: 38/61 MP: 10/10
  7142 | D:6      | Noticed Dowan
  7166 | D:6      | Killed Dowan
  7167 | D:6      | Reached skill level 10 in Unarmed Combat
  7940 | D:6      | Noticed Sigmund
  7956 | D:6      | Killed Sigmund
  8010 | D:6      | Reached skill level 11 in Unarmed Combat
  8469 | D:6      | Identified a scroll of acquirement
  8471 | D:6      | Acquired 883 gold pieces
  9108 | D:7      | Reached skill level 12 in Unarmed Combat
  9447 | D:7      | Noticed Joseph
  9462 | D:7      | Killed Joseph
  9827 | D:7      | Learned a level 1 spell: Animate Skeleton
  9831 | D:7      | Learned a level 3 spell: Ozocubu's Armour
  9856 | D:7      | Reached XP level 10. HP: 56/71 MP: 11/11
 10427 | D:7      | Found a runed translucent gate.
 10427 | D:7      | Noticed TheGamechu's ghost (novice TrFi)
 10428 | D:7      | Found a runed translucent gate.
 10429 | D:7      | Found a runed translucent gate.
 10779 | D:8      | Found a hazy altar of Hepliaklqana.
 11728 | D:8      | Found a bloodstained altar of Trog.
 11914 | D:9      | Identified the +5 ring mail of the Sky {rElec Dex+4}
 11931 | D:9      | Reached skill level 1 in Necromancy
 11942 | D:9      | Reached skill level 1 in Ice Magic
 12192 | D:9      | Reached skill level 5 in Fighting
 12545 | D:9      | Identified the +9 long sword "Mifonits" {drain, Fragile
                  | Str+3 Int+5}
 12741 | D:9      | HP: 5/109 [orc warrior (5)]
 13287 | D:10     | Entered Level 10 of the Dungeon
 13287 | D:10     | Noticed Psyche
 13295 | D:10     | Killed Psyche
 13815 | D:10     | Paralysed by a hornet for 1 turns
 13821 | D:10     | HP: 3/74 [orc priest/divine providence (11)]
 13821 | D:10     | Mangled by an orc warrior

Illustrated notes

Levels and vault maps discovered:
D:1:      enne_arrival_octagon_isle, layout_loops_corners, minmay_quantized
D:2:      layout_loops_ring, chequers_ecumenical_altar_island, minivault_19,
          minmay_split_cup_small
D:3:      layout_basic, pf_just_have_faith, chequers_serial_rivers_marsh,
          uniq_jessica
D:4:      layout_loops_cross, mainiacjoe_overflow_large_starburst,
          nicolae_ossuary_entry_plus, lemuel_old_faithful
D:5:      layout_loops_ring, chequers_temple_overflow_statue_of_worship,
          minmay_temple_entry_statues, hellmonk_bongcloud_opening,
          kennysheep_generic_room_7
D:6:      layout_loops_corners, minmay_misc_feat_encased,
          corexii_leaking_fountain, uniq_duvessa, uniq_blork_the_orc,
          uniq_sigmund, uniq_prince_ribbit1
D:7:      layout_loops_ring, nicolae_elyvilon_temple_path,
          biasface_ghost_orc_armoury, grunt_decor_clamped, chequers_mini_garden,
          uniq_joseph
D:8:      layout_basic, lemuel_doored_altar, trog_book
D:9:      layout_roguey, minmay_misc_feat_roman
D:10:     layout_cave_pods, marbit_many_paths, lair_entry_dummy, david_orc_5,
          serial_park_tiny_pond, uniq_psyche

Skill      XL: |  1  2  3  4  5  6  7  8  9 10 |
---------------+-------------------------------+-----
Unarmed Combat | 1 2 3 5 7 9 12 | 12.3
Dodging        | 1 2 4 |  4.1
Armour         | 1 2 3 |  3.0
Fighting       | 5 |  5.4
Necromancy     | 3 |  3.4
Ice Magic      | 2 |  2.8
Axes           | |  2.9
Spellcasting   | |  1.0
Fire Magic     | |  2.6

Action                   |  1- 3 |  4- 6 |  7- 9 | 10-12 || total
-------------------------+-------+-------+-------+-------++-------
Melee: Hand axe          |    86 |    87 |       |       ||   173
       Touch             |     9 |    28 |    67 |    37 ||   141
       Unarmed           |       |    87 |   339 |   234 ||   660
       Punch             |       |       |     4 |     6 ||    10
Throw: Dart              |       |     4 |    16 |       ||    20
       Boomerang         |       |       |    26 |     6 ||    32
 Cast: Vampiric Draining |       |       |       |     7 ||     7
Invok: Foxfire Swarm     |     2 |     5 |     2 |       ||     9
Evoke: Wand              |       |       |     1 |     1 ||     2
  Use: Scroll            |       |    10 |     9 |     1 ||    20
       Potion            |       |     1 |       |     9 ||    10
Armor: Robe              |    31 |       |       |       ||    31
       Scale mail        |     7 |    87 |    84 |       ||   178
       Chain mail        |     5 |       |       |       ||     5
       Leather armour    |       |       |       |    73 ||    73
       Skin              |       |       |       |     9 ||     9
       Ring mail         |       |       |       |     6 ||     6
Dodge: Dodged            |    65 |   117 |   159 |   155 ||   496

Table legend: (Time is in decaauts)
 A = Elapsed time spent in this place.
 B = Non-inter-level travel time spent in this place.
 C = Inter-level travel time spent in this place.
 D = Time resting spent in this place.
 E = Time spent auto-exploring this place.
 F = Levels seen in this place.
 G = Mean time per level.
                   A        B        C        D        E       F      G
               +--------+--------+--------+--------+--------+-----+--------+
         Total |  13757 |  13497 |    260 |   2723 |   8864 |  10 | 1375.7 |
       Dungeon |  13757 |  13497 |    260 |   2723 |   8864 |  10 | 1375.7 |
               +--------+--------+--------+--------+--------+-----+--------+

Top non-repeatable levels by time:
     D:6: 2346 daAuts
     D:7: 1978 daAuts
     D:5: 1481 daAuts
     D:9: 1455 daAuts
     D:1: 1333 daAuts
     D:3: 1218 daAuts
     D:4: 1191 daAuts
     D:2: 1131 daAuts
     D:8: 1092 daAuts
    D:10: 529 daAuts
